 Dungeon Crawl Stone Soup version 0.30.1-11-g7821555f0a (webtiles) character file.

Game seed: 7482286344813385570

18309 jagang the Carver (level 12, -4/102 HPs)
             Began as a Barachi Monk on Nov 13, 2023.
             Was the Champion of Okawaru.
             Killed from afar by a hell knight (23 damage)
             ... with a bolt of fire
             ... in a volcano.
             The game lasted 00:50:46 (12904 turns).

jagang the Carver (Barachi Monk)                   Turns: 12904, Time: 00:50:46

Health: -4/102     AC: 26    Str: 13    XL:     12   Next: 57%
Magic:  0/15       EV: 10    Int: 11    God:    Okawaru [******]
Gold:   1179       SH: 13    Dex: 28    Spells: 11/11 levels left

rFire   . . .        S - +0 demon blade of Evisceration {freeze, rN+}
rCold   . . .        u - +0 kite shield
rNeg    + . .        j - +0 plate armour
rPois   +            I - +0 helmet of the Fiddle {Dex+2}
rElec   .            F - +0 cloak
rCorr   .            v - +1 pair of gloves
SInv    .            n - +1 pair of boots "Rott" {-Cast Dex+7 Stlth+}
Will    +....        G - amulet of guardian spirit Stlth
                     L - ring "Icykonn" {rPois Will+ AC+4}
HPRegen 0.37/turn    m - +5 ring of evasion
MPRegen 0.14/turn

%: no spellcasting, guardian spirit
@: slow
A: amphibious, slowness 1, strong legs 1, +LOS
a: Hop, Renounce Religion, Heroism, Finesse, Duel


You were in a volcano.
You worshipped Okawaru.
Okawaru was exalted by your worship.
You visited 3 branches of the dungeon, and saw 14 of its levels.
You also visited: Volcano.

You collected 1917 gold pieces.
You spent 738 gold pieces at shops.

Inventory:

Hand Weapons
 c - a +1 scimitar of flaming
 y - the +8 scimitar of Instant Death {protect, rC+ Str+4}
   (Okawaru gifted it to you on level 11 of the Dungeon)

   Str:       It affects your strength (+4).
   rC:        It protects you from cold.
 S - the +0 demon blade of Evisceration (weapon) {freeze, rN+}
   (You bought it in a shop on level 7 of the Dungeon)

   rN:        It protects you from negative energy.
Missiles
 r - 47 poisoned darts (quivered)
 J - 2 curare-tipped darts
Armour
 d - an orb of light
 j - a +0 plate armour (worn)
 n - the +1 pair of boots "Rott" (worn) {-Cast Dex+7 Stlth+}
   (Okawaru gifted it to you on level 1 of the Orcish Mines)

   Dex:       It affects your dexterity (+7).
   -Cast:     It prevents spellcasting.
   Stlth:     It makes you more stealthy.
 u - a +0 kite shield (worn)
 v - a +1 pair of gloves (worn)
 F - a +0 cloak (worn)
 I - the +0 helmet of the Fiddle (worn) {Dex+2}
   (You found it on level 11 of the Dungeon)

   Dex:       It affects your dexterity (+2).
Jewellery
 m - a +5 ring of evasion (right hand)
 G - an amulet of guardian spirit (around neck)
 L - the ring "Icykonn" (left hand) {rPois Will+ AC+4}
   (You took it off a wight on level 7 of the Dungeon)

   [ring of protection]

   AC:        It affects your AC (+4).
   rPois:     It protects you from poison.
   Will:      It increases your willpower.
Wands
 b - a wand of polymorph (6)
 N - a wand of paralysis (2)
 P - a wand of iceblast (4)
Scrolls
 e - a scroll of silence {unknown}
 f - a scroll of torment
 g - 6 scrolls of teleportation
 i - 2 scrolls of noise
 l - 5 scrolls of immolation
 o - 4 scrolls of poison
 q - 2 scrolls of fog
 t - 3 scrolls of blinking
 K - a scroll of vulnerability
Potions
 a - 2 potions of ambrosia
 h - 2 potions of heal wounds {unknown}
 k - 2 potions of berserk rage {unknown}
 p - 2 potions of lignification {unknown}
 s - 3 potions of might {unknown}
 w - 2 potions of degeneration {unknown}
 A - a potion of invisibility {unknown}
 B - a potion of magic {unknown}
 C - 4 potions of haste
 E - 3 potions of cancellation {unknown}
 H - a potion of attraction {unknown}
 R - 3 potions of curing {unknown}
Miscellaneous
 O - a condenser vane
 T - a lightning rod (4/4)


   Skills:
 * Level 11.9 Fighting
 * Level 14.2 Long Blades
 - Level 5.0 Throwing
 + Level 10.1 Armour
 - Level 4.0 Dodging
 + Level 8.2 Shields
 + Level 5.1 Invocations


You had 11 spell levels left.
You didn't know any spells.
Your spell library contained the following spells:

 Spells                   Type           Power      Damage    Failure   Level
 Sandblast                Erth           0%         2d4       100%        1
 Shock                    Conj/Air       0%         1d3       100%        1
 Passwall                 Tmut/Erth      0%         N/A       100%        2
 Gell's Gravitas          Tloc           0%         N/A       100%        3
 Stone Arrow              Conj/Erth      0%         3d7       100%        3
 Swiftness                Air            0%         N/A       100%        3
 Teleport Other           Tloc           0%         N/A       100%        3
 Airstrike                Air            0%         2d(0-16)  100%        4
 Anguish                  Hex/Necr       0%         N/A       100%        4
 Cause Fear               Hex            0%         N/A       100%        4
 Dispersal                Tloc           0%         N/A       100%        6
 Enfeeble                 Hex            0%         N/A       100%        7


Dungeon Overview and Level Annotations

Branches:
Dungeon (11/15)            Temple (0/1) D:6            Lair (1/5) D:11
    Orc (2/2) D:10        Volcano (1/1)
    Elf: Orc:2

Altars:
Ashenzari
Elyvilon
Gozag
Hepliaklqana
Kikubaaqudgha
Nemelex Xobeh
Okawaru
Ru
Trog
Xom

Shops:
D:2 :   D:7 ?(:(

Annotations:
D:9 exclusion: obsidian statue


Innate Abilities, Weirdness & Mutations

You are amphibious.
You cover ground slowly.
You can hop short distances.
You have an extended range of vision and can be seen from far away.


Message History

a +0 trident; a salamander corpse You slash the hell knight!
You freeze the hell knight.
The hell knight is moderately wounded.
You block the hell knight's attack.
You hit the hell knight. You freeze the hell knight.
The hell knight is moderately wounded.
The hell knight hits you but does no damage.
You hit the hell knight but do no damage.
The hell knight is moderately wounded.
You block the hell knight's attack.
You barely miss the hell knight.
The hell knight is moderately wounded.
The hell knight hits you with a +0 broad axe of flaming!
The hell knight burns you.
You hit the hell knight but do no damage.
The hell knight is moderately wounded.
You block the hell knight's attack.
You slice the hell knight!! You freeze the hell knight.
The hell knight is severely wounded.
You block the hell knight's attack.
You hit the hell knight. You freeze the hell knight.
The hell knight is severely wounded.
The hell knight hits you with a +0 broad axe of flaming!
The hell knight burns you. You block the hell knight's attack.
You hit the hell knight but do no damage.
The hell knight is severely wounded.
The hell knight hits you but does no damage.
You slash the hell knight! You freeze the hell knight.
The hell knight is almost dead.
You block the hell knight's attack.
You closely miss the hell knight.
The hell knight is almost dead.
The hell knight calls down the wrath of its god upon you.
The bolt of fire hits you!!
* * * LOW HITPOINT WARNING * * *
You hit the hell knight but do no damage.
The hell knight is almost dead.
The hell knight calls down the wrath of its god upon you.
The bolt of fire hits you!!
You die...

§≈≈≈≈ ≈§# §≈≈§
§§§#### #####§§§
§# [![###§≈≈ #
[.#(##§ ≈#
+.!.$.'..# §§##
+.._..'..##§≈≈≈#
#....p#p..#≈§§§§
#######@..#≈≈§§≈
+)$.!!+...#≈≈§≈≈
#..≈..#...#≈≈≈≈#
#8≈≈≈8#.).#≈≈≈##
+..≈..'..## §≈≈#
≈≈
+.....'..#§≈≈≈≈#
§≈# #8...8#)##≈§≈
##
≈≈§###.....###§≈≈
§≈≈§§§§....≈§≈§≈#


You could see a hell knight (fast).

Vanquished Creatures
  A catoblepas (D:9)
  A tengu warrior (D:11)
  A two-headed ogre (Orc:1)
  A salamander mystic (Volcano)
  An orc sorcerer (Orc:1)
  A manticore (D:11)
  2 cyclopes
  3 salamanders (Volcano)
  Maurice (D:8)
  Maggie (D:6)
  An unseen horror (D:11)
  A komodo dragon (D:11)
  5 trolls
  A hornet (D:9)
  2 shadows (D:10)
  A wraith (D:11)
  A vampire (D:10)
  A wyvern (D:9)
  14 yaks
  A warg (Orc:1)
  Menkaure (D:5)
  An acid dragon (D:9)
  4 water moccasins
  8 orc warriors
  2 sky beasts (D:7)
  3 black bears
  2 ice beasts
  6 ogres
  A centaur (D:6)
  A phantom (D:10)
  8 bullfrogs
  5 kobold brigands
  3 gnoll sergeants
  6 scorpions
  13 wights
  26 killer bees
  A troll zombie (D:10)
  10 howler monkeys
  3 electric eels
  13 orc priests
  9 hounds
  Crazy Yiuf (D:5)
  A gnoll bouda (D:7)
  4 jellies
  A sleepcap (D:4)
  Natasha (D:2)
  19 orc wizards
  7 ogre zombies (D:10)
  Robin (D:2)
  18 gnolls
  5 adders
  2 shadow imps
  A white imp (D:5)
  3 adder zombies (D:3)
  A worm (D:2)
  3 dart slugs
  32 orcs
  3 ball pythons
  4 endoplasms
  3 giant cockroaches (D:3)
  18 goblins
  6 hobgoblins
  2 jackals (D:5)
  2 quokkas
  7 bats
  A frilled lizard (D:2)
  A goblin skeleton (D:10)
  3 goblin zombies (D:10)
  3 hobgoblin skeletons (D:10)
  4 hobgoblin zombies (D:10)
  18 kobolds
  An orc skeleton (D:10)
  13 orc zombies (D:10)
  12 rats
368 creatures vanquished.

Notes
Turn   | Place    | Note
-------+----------+-------------------------------------------
     0 | D:1      | jagang the Barachi Monk began the quest for the Orb.
     0 | D:1      | Reached XP level 1. HP: 18/18 MP: 1/1
    68 | D:1      | Reached XP level 2. HP: 25/25 MP: 2/2
   117 | D:1      | Reached skill level 1 in Armour
   295 | D:1      | Reached skill level 4 in Long Blades
   724 | D:2      | Reached XP level 3. HP: 30/30 MP: 3/3
   815 | D:2      | Noticed Robin
   844 | D:2      | Killed Robin
   845 | D:2      | Reached XP level 4. HP: 29/38 MP: 4/4
   941 | D:2      | Found Qegg's Book Emporium.
  1039 | D:2      | Noticed Natasha
  1048 | D:2      | Killed Natasha
  1761 | D:3      | Found a faded altar of an unknown god.
  1768 | D:3      | Found an opulent altar of Gozag.
  1851 | D:3      | Reached XP level 5. HP: 43/43 MP: 5/5
  2029 | D:4      | Reached skill level 5 in Long Blades
  2291 | D:4      | Reached skill level 5 in Fighting
  2413 | D:4      | Found a sacrificial altar of Ru.
  2497 | D:4      | Noticed a black bear
  2508 | D:4      | Killed a black bear
  2509 | D:4      | Reached XP level 6. HP: 45/51 MP: 6/6
  2578 | D:4      | Reached skill level 1 in Throwing
  2850 | D:4      | Found a hazy altar of Hepliaklqana.
  2850 | D:4      | Found an iron altar of Okawaru.
  2906 | D:4      | Reached skill level 6 in Long Blades
  4665 | D:4      | Became a worshipper of Warmaster Okawaru
  4665 | D:4      | Reached * piety under Okawaru
  4665 | D:4      | Reached ** piety under Okawaru
  4708 | D:5      | Entered Level 5 of the Dungeon
  4731 | D:5      | Reached XP level 7. HP: 53/56 MP: 7/7
  4873 | D:5      | Found a broken altar of Ashenzari.
  4908 | D:5      | Reached skill level 1 in Shields
  5124 | D:5      | Reached skill level 7 in Long Blades
  5198 | D:5      | Reached XP level 8. HP: 62/64 MP: 8/8
  5300 | D:5      | Found a runed translucent door.
  5301 | D:5      | Noticed Crazy Yiuf
  5308 | D:5      | Killed Crazy Yiuf
  5356 | D:5      | Noticed Menkaure
  5378 | D:5      | Killed Menkaure
  5631 | D:5      | Reached skill level 5 in Armour
  5762 | D:5      | Reached *** piety under Okawaru
  5771 | D:5      | Reached skill level 8 in Long Blades
  5843 | D:6      | Noticed Maggie
  5874 | D:6      | HP: 2/65 [Maggie/bolt of fire (9)]
  6063 | D:6      | Killed Maggie
  6064 | D:6      | Reached XP level 9. HP: 9/71 MP: 4/9
  6465 | D:6      | Found Vuikig's Book Emporium.
  6577 | D:6      | Found a staircase to the Ecumenical Temple.
  6677 | D:6      | Reached skill level 9 in Long Blades
  7267 | D:6      | Reached skill level 10 in Long Blades
  7281 | D:7      | Reached **** piety under Okawaru
  7465 | D:7      | Reached skill level 5 in Shields
  7512 | D:7      | Reached XP level 10. HP: 80/80 MP: 10/10
  7625 | D:7      | Reached skill level 5 in Throwing
  7629 | D:7      | Found Sathry's Book Shoppe.
  7794 | D:7      | Reached skill level 1 in Invocations
  7794 | D:7      | Noticed a cyclops
  7807 | D:7      | Killed a cyclops
  7869 | D:7      | Reached skill level 11 in Long Blades
  7961 | D:7      | Reached ***** piety under Okawaru
  8127 | D:7      | Found Jowen's Weapon Shop.
  8171 | D:7      | Found an ancient bone altar of Kikubaaqudgha.
  8175 | D:7      | Identified the ring "Icykonn" {rPois Will+ AC+4}
  8252 | D:7      | Found Piosit's Antique Weapon Emporium.
  8255 | D:7      | Found a white marble altar of Elyvilon.
  8272 | D:7      | Found Keemma Xoci's Magic Scroll Boutique.
  8315 | D:7      | Bought a scroll of identify for 26 gold pieces
  8315 | D:7      | Bought a scroll of identify for 26 gold pieces
  8315 | D:7      | Bought a scroll of identify for 26 gold pieces
  8336 | D:7      | You fall into a shaft and drop 3 floors!
  8336 | D:10     | Entered Level 10 of the Dungeon
  8490 | D:8      | Received a gift from Okawaru
  8622 | D:8      | Found a shimmering altar of Xom.
  8627 | D:8      | Noticed Maurice
  8673 | D:8      | Killed Maurice
  8766 | D:7      | Found a sparkling altar of Nemelex Xobeh.
  8770 | D:7      | Found a bloodstained altar of Trog.
  8852 | D:8      | Reached XP level 11. HP: 89/89 MP: 13/13
  9051 | D:8      | Reached skill level 12 in Long Blades
  9115 | D:9      | Noticed a catoblepas
  9133 | D:9      | Killed a catoblepas
  9509 | D:9      | Noticed an obsidian statue
 10362 | D:10     | Found a staircase to the Orcish Mines.
 10565 | D:10     | Identified a scroll of acquirement
 10566 | D:10     | Acquired 1010 gold pieces
 10637 | D:7      | Bought a fine demon blade for 660 gold pieces
 10637 | D:7      | Identified the +0 demon blade of Evisceration {freeze, rN+}
                  | (You bought it in a shop on level 7 of the Dungeon)
 10759 | D:10     | Reached skill level 10 in Fighting
 11233 | D:11     | Noticed a manticore
 11242 | D:11     | Killed a manticore
 11434 | D:11     | Reached skill level 13 in Long Blades
 11465 | D:11     | Identified the +8 scimitar of Instant Death {protect, rC+
                  | Str+4} (Okawaru gifted it to you on level 11 of the
                  | Dungeon)
 11465 | D:11     | Received a gift from Okawaru
 11638 | D:11     | Identified the +0 helmet of the Fiddle {Dex+2}
 11644 | D:11     | Found a staircase to the Lair.
 11701 | Lair:1   | Entered Level 1 of the Lair of Beasts
 11722 | Lair:1   | Reached ****** piety under Okawaru
 11787 | D:11     | Reached XP level 12. HP: 62/99 MP: 10/15
 12025 | D:11     | Noticed a tengu warrior
 12043 | D:11     | Killed a tengu warrior
 12271 | Orc:1    | Entered Level 1 of the Orcish Mines
 12271 | Orc:1    | Noticed a two-headed ogre
 12280 | Orc:1    | Killed a two-headed ogre
 12478 | Orc:1    | Noticed a soul eater
 12490 | Orc:1    | Identified the +1 pair of boots "Rott" {-Cast Dex+7 Stlth+}
                  | (Okawaru gifted it to you on level 1 of the Orcish Mines)
 12490 | Orc:1    | Received a gift from Okawaru
 12553 | Orc:2    | Entered Level 2 of the Orcish Mines
 12652 | Orc:1    | Reached skill level 14 in Long Blades
 12654 | Orc:1    | Reached skill level 5 in Invocations
 12697 | Orc:1    | Found a dark tunnel.
 12702 | Volcano  | Entered a volcano
 12775 | Volcano  | Reached skill level 10 in Armour
 12820 | Volcano  | Found a bloodstained altar of Trog.
 12821 | Volcano  | Noticed a hell knight
 12904 | Volcano  | Killed from afar by a hell knight

Illustrated notes

Levels and vault maps discovered:
D:1:      tarquinn_simple_flora_water_f, layout_basic
D:2:      layout_rooms, serial_shops, shop, chequers_serial_rivers_micro_a,
          uniq_natasha, uniq_robin
D:3:      layout_loops_corners, nicolae_overflow_ecumenical_swirl,
          serial_undead, serial_undead_e, serial_undead_e, serial_undead_b,
          serial_undead_b, dk_noncrumbling_4
D:4:      layout_loops_ring, mainiacjoe_overflow_24_doors,
          gammafunk_temple_overflow_pools
D:5:      layout_basic, kennysheep_mini_moat, uniq_crazy_yiuf_cottage,
          uniq_menkaure
D:6:      layout_cave_pools, minmay_temple_entry_statues_fountains,
          serial_shops, shop, hangedman_decor_peaks_small, minivault_26,
          uniq_maggie
D:7:      lemuel_castle_with_subvaults [lemuel_castle_interior_carwin_1],
          layout_rooms, kiku_gazebo_pond_becter, mainiacjoe_overflow_brackets,
          mainiacjoe_overflow_big_doors, serial_shops, shop,
          nicolae_lakefront_shop, nicolae_shop_tiny_waterfront, shop
D:8:      layout_rooms, xom_butterflies, small_chamber_with_monster,
          uniq_maurice
D:9:      statuecave_lemuel, layout_cave_pods
D:10:     layout_roguey, zombieorc2_lemuel, kennysheep_nub
D:11:     layout_rooms, david_lair_shrubbed, kennysheep_generic_room_4
Lair:1:   layout_regular_city, nzn_masters_of_martial_movement,
          serial_bayou_shore_b, uniq_erica, uniq_gastronok
Orc:1:    layout_caves, nicolae_volcano_entry_s_turn, basic_altar
Orc:2:    st_orc_open, layout_caves, basic_altar, serial_shops, shop, uniq_urug,
          uniq_nessos
Volcano:  kennysheep_volcano_temple

Skill      XL: |  1  2  3  4  5  6  7  8  9 10 11 12 |
---------------+-------------------------------------+-----
Armour         | 1 2 3 4 5 6 8 9 10 | 10.1
Fighting       | 4 5 6 8 9 10 11 | 11.9
Long Blades    | 4 5 6 7 8 10 11 13 14 | 14.2
Throwing       | 1 2 3 4 5 |  5.0
Dodging        | 4 |  4.0
Shields        | 2 3 5 6 7 8 |  8.2
Invocations    | 2 4 5 |  5.1

Action                     |  1- 3 |  4- 6 |  7- 9 | 10-12 || total
---------------------------+-------+-------+-------+-------++-------
  Melee: Falchion          |    88 |   184 |   230 |       ||   502
         Scimitar          |       |       |   125 |   478 ||   603
         Demon blade       |       |       |       |   342 ||   342
   Fire: Shortbow          |       |       |    14 |       ||    14
  Throw: Throwing net      |     1 |       |       |       ||     1
         Dart              |       |     7 |     9 |    20 ||    36
 Invoke: Heroism           |       |       |     2 |     1 ||     3
Ability: Hop               |     1 |     1 |     3 |     4 ||     9
    Use: Scroll            |       |       |     6 |    13 ||    19
         Potion            |       |       |     1 |       ||     1
 Armour: Robe              |     6 |       |       |       ||     6
         Leather armour    |    12 |       |       |       ||    12
         Scale mail        |    17 |    87 |       |       ||   104
         Chain mail        |       |    12 |   246 |   303 ||   561
         Plate armour      |       |       |       |    11 ||    11
  Dodge: Dodged            |    45 |   118 |   216 |   276 ||   655
  Block: Kite shield       |       |     7 |   218 |   411 ||   636
